 Dungeon Crawl Stone Soup version 0.31-a0-1074-g0b22e4e0f1 (webtiles) character file.

Game seed: 5456710310289099707

49 BigPumpCobain the Ruffian (level 3, 0/36 HPs)
             Began as a Troll Berserker on Dec 7, 2023.
             Was a Believer of Trog.
             Killed from afar by Natasha (2 damage)
             ... with a magic dart
             ... on level 2 of the Dungeon.
             The game lasted 00:02:06 (1252 turns).

BigPumpCobain the Ruffian (Troll Berserker)         Turns: 1252, Time: 00:02:06

Health: 0/36       AC:  4    Str: 27    XL:     3   Next: 51%
Magic:  2/2        EV: 10    Int:  3    God:    Trog [**....]
Gold:   85         SH:  0    Dex: 15    Spells: 2/2 levels left

rFire   . .          .
                       - Unarmed
rCold   . . .        (no shield)
rNeg    . . .        a - +0 animal skin
rPois   .            (helmet restricted)
rElec   .            (no cloak)
rCorr   .            (gloves unavailable)
SInv    .            (boots unavailable)
Will    .....        (no amulet)
Stlth   +            b - +6 ring of dexterity
HPRegen 1.06/turn    (no ring)
MPRegen 0.08/turn

%: no passive effects
@: no status effects
A: large, unfitting armour, claws 3, regeneration 1, shaggy fur 1, tough skin 1
a: Renounce Religion, Berserk, Trog's Hand


You were on level 2 of the Dungeon.
You worshipped Trog.
Trog was pleased with you.
You visited 1 branch of the dungeon, and saw 2 of its levels.

You collected 85 gold pieces.

Inventory:

Armour
 a - a +0 animal skin (worn)
Jewellery
 b - a +6 ring of dexterity (left claw)
Talismans
 j - a granite talisman
Wands
 h - a wand of flame (25)
Scrolls
 c - a scroll of fog {unknown}
 e - a scroll of blinking {unknown}
 f - 2 scrolls of identify {unknown}
 g - a scroll of immolation {unknown}
 n - a scroll of fear {unknown}
Potions
 d - 2 potions of invisibility {unknown}
 i - a potion of enlightenment {unknown}
 k - a potion of cancellation {unknown}
 l - 2 potions of ambrosia {unknown}
 m - a potion of mutation {unknown}


   Skills:
 + Level 2.8 Fighting
 + Level 2.8 Dodging
 * Level 3.8 Unarmed Combat
 + Level 0.3 Shapeshifting


You had 2 spell levels left.
You didn't know any spells.
Your spell library was empty.

Dungeon Overview and Level Annotations

Branches:
Dungeon (2/15)

Altars:

Annotations:
D:2 Natasha


Innate Abilities, Weirdness & Mutations

You are too large for most types of armour.
You have claws for hands.
Your natural rate of healing is unusually fast.
You are covered in fur. (AC +1)
You have tough skin. (AC +1)


Message History

The hound skeleton bites the withered plant.
The withered plant begins to crumble.
The bat skeleton hits the withered plant.
You are too injured to fight recklessly!
You are too injured to fight recklessly!
You are too injured to fight recklessly!
You are too injured to fight recklessly!
You are too injured to fight recklessly!
You are too injured to fight recklessly!
You are too injured to fight recklessly!
You are too injured to fight recklessly!
You are too injured to fight recklessly!
You are too injured to fight recklessly!
You are too injured to fight recklessly!
You are too injured to fight recklessly!
You are too injured to fight recklessly!
You are too injured to fight recklessly!
You are too injured to fight recklessly!
You are too injured to fight recklessly!
You are too injured to fight recklessly!
You are too injured to fight recklessly!
You completely miss Natasha.
The withered plant crumbles away.
The ball python skeleton loses its grip on the withered plant.
The cerulean imp hits you with a +0 spear.
The hound skeleton bites the withered plant.
Natasha claws you!
* * * LOW HITPOINT WARNING * * *
You barely miss Natasha.
The cerulean imp hits you with a +0 spear.
* * * LOW HITPOINT WARNING * * *
The hound skeleton bites the withered plant.
Natasha claws you.
* * * LOW HITPOINT WARNING * * *
You miss Natasha.
The hound skeleton bites the withered plant.
The cerulean imp hits you but does no damage.
Natasha stares at you and mumbles some strange words.
The magic dart hits you.
You die...
Natasha curls up and begins to purr.

##...## #.....#####
#####..........
#...........###
#########.#......##.#
#.....†...#.###.###.#
#..♣♣♣♣♣###.# #.# #.#
#..PPPP♣♣♣#.# #.# #.#
#♣....@5Z♣♣♣♣ #.###.#


♣♣.PPPhZZ.P♣ .. ..### ♣♣♣♣♣ZZ...P♣ ....# #♣♣Z...♣♣ #.#.# #.♣..).P♣ #.#.#
#.♣..8..♣#.###)#.# #.♣ P:P♣♣#........ #.# ♣♣.♣ #####.#†# #.###♣♣♣######.#.# You
could see Natasha, a cerulean imp (summoned), a bat skeleton, 2 ball python
skeletons, 2 quokka skeletons and a hound skeleton.

Vanquished Creatures
  An adder (D:2)
  2 dart slugs
  5 endoplasms
  2 goblins
  3 hobgoblins
  3 jackals (D:1)
  2 quokkas
  4 ball pythons
  6 bats
  A frilled lizard (D:1)
  2 kobolds
  A rat (D:2)
32 creatures vanquished.

Notes
Turn   | Place    | Note
-------+----------+-------------------------------------------
     0 | D:1      | BigPumpCobain the Troll Berserker began the quest for the
                  | Orb.
     0 | D:1      | Reached XP level 1. HP: 22/22 MP: 0/0
   208 | D:1      | Reached XP level 2. HP: 29/29 MP: 1/1
   866 | D:2      | Found a faded altar of an unknown god.
   886 | D:2      | Reached XP level 3. HP: 35/36 MP: 2/2
  1084 | D:2      | Reached ** piety under Trog
  1239 | D:2      | Noticed Natasha
  1251 | D:2      | HP: 1/36 [Natasha (5)]
  1252 | D:2      | Killed from afar by Natasha

Illustrated notes

Levels and vault maps discovered:
D:1:      dpeg_arrival_stone_temple_mockup, layout_basic
D:2:      layout_loops_ring, hellmonk_ecumenical_altar_slurped_away,
          dilly_guarded_unrand_morg

Action                     || total
---------------------------++-------
  Melee: Unarmed           ||    85
         Punch             ||     1
 Armour: Animal skin       ||    62
  Dodge: Dodged            ||    39

Table legend: (Time is in decaauts)
 A = Elapsed time spent in this place.
 B = Non-inter-level travel time spent in this place.
 C = Inter-level travel time spent in this place.
 D = Time resting spent in this place.
 E = Time spent auto-exploring this place.
 F = Levels seen in this place.
 G = Mean time per level.
                   A        B        C        D        E       F      G
               +--------+--------+--------+--------+--------+-----+--------+
         Total |   1246 |   1216 |     30 |      0 |   1011 |   2 |  623.0 |
       Dungeon |   1246 |   1216 |     30 |      0 |   1011 |   2 |  623.0 |
               +--------+--------+--------+--------+--------+-----+--------+

Top non-repeatable levels by time:
     D:1: 814 daAuts
     D:2: 432 daAuts
